 Dungeon Crawl Stone Soup version 0.28-a0-21-gf74fda84f9 (webtiles) character file.

Game seed: 819063798059009979

3 Sin92 the Skirmisher (level 1, -3/18 HPs)
             Began as a Demonspawn Fighter on July 27, 2021.
             Slain by a gnoll (6 damage)
             ... on level 1 of the Dungeon.
             The game lasted 00:00:48 (65 turns).

Sin92 the Skirmisher (Demonspawn Fighter)             Turns: 65, Time: 00:00:48

Health: -3/18      AC:  6    Str: 16    XL:     1   Next: 41%
Magic:  1/1        EV:  6    Int:  9    God:
Gold:   0          SH:  8    Dex: 12    Spells: 0/0 levels left

rFire   . . .      SeeInvis .   a - +0 war axe
rCold   . . .      Faith    .   c - +0 kite shield
rNeg    . . .      Spirit   .   b - +0 scale mail
rPois   .          Reflect  .   (no helmet)
rElec   .          Harm     .   (no cloak)
rCorr   .          Rampage  .   (no gloves)
Will    .....                   (no boots)
Stlth   ..........              (no amulet)
HPRegen 0.06/turn               (no ring)
MPRegen 0.07/turn               (no ring)

@: no status effects
A: no striking features
a: no special abilities


You were on level 1 of the Dungeon.
You visited 1 branch of the dungeon, and saw 1 of its levels.

Inventory:

Hand Weapons
 a - a +0 war axe (weapon)
Armour
 b - a +0 scale mail (worn)
 c - a +0 kite shield (worn)
Potions
 d - a potion of might


   Skills:
 + Level 3.0 Fighting
 * Level 1.9 Axes
 + Level 2.7 Armour
 + Level 0.1 Dodging
 + Level 2.7 Shields


You couldn't memorise any spells.
You didn't know any spells.
Your spell library was empty.

Dungeon Overview and Level Annotations

Branches:
Dungeon (1/15)

Altars:


Message History

A kobold comes into view. It is wielding a +0 short sword.
The kobold shouts!
Things that are here:
a +0 dagger; a goblin corpse You closely miss the kobold.
The kobold barely misses you. x2
You hit the kobold.
You kill the kobold!
You closely miss the rat. You block the rat's attack. x2
You barely miss the rat. The rat bites you but does no damage.
The rat bites you.
You slash the rat!
You kill the rat!
Things that are here:
a +0 short sword; a kobold corpse No target in view!
HP restored.
A gnoll comes into view. It is wielding a +0 whip.
The gnoll shouts!
A gnoll is nearby!
Unknown command.
A gnoll is nearby!
A gnoll is nearby!
Unknown command.
You hit the gnoll but do no damage. The gnoll hits you with a +0 whip.
You block the gnoll's attack.
Unknown command.
A gnoll is nearby!
You barely miss the gnoll. You block the gnoll's attack.
The gnoll hits you with a +0 whip.
Unknown command.
A gnoll is nearby!
You barely miss the gnoll. You block the gnoll's attack.
Unknown command.
A gnoll is nearby!
You hit the gnoll.
The gnoll is heavily wounded.
The gnoll hits you with a +0 whip!
* * * LOW HITPOINT WARNING * * *
The gnoll hits you with a +0 whip.
You die...

########### #.........#
###### ##.........#
#..... ...........#
#.....
......g@...########.....
........................
##.........########.....
##.######## #..... #
#####..... #.).).....
#########.########
#.......#.# +...<...'.#


You could see a gnoll.

Vanquished Creatures
  A goblin (D:1)
  A kobold (D:1)
  A rat (D:1)
3 creatures vanquished.

Notes
Turn   | Place    | Note
-------+----------+-------------------------------------------
     0 | D:1      | Sin92 the Demonspawn Fighter began the quest for the Orb.
     0 | D:1      | Reached XP level 1. HP: 18/18 MP: 1/1
    65 | D:1      | Slain by a gnoll

Illustrated notes

Levels and vault maps discovered:
D:1:      minmay_arrival_up_and_down, layout_basic,
          shapermc_ecumenical_altar_starsandcircs, bh_walls_and_bars

Action                   || total
-------------------------++-------
Melee: War axe           ||    10
Armor: Scale mail        ||     1
Dodge: Dodged            ||     2
Block: Kite shield       ||     6

Table legend: (Time is in decaauts)
 A = Elapsed time spent in this place.
 B = Non-inter-level travel time spent in this place.
 C = Inter-level travel time spent in this place.
 D = Time resting spent in this place.
 E = Time spent auto-exploring this place.
 F = Levels seen in this place.
 G = Mean time per level.
                   A        B        C        D        E       F      G
               +--------+--------+--------+--------+--------+-----+--------+
         Total |     70 |     70 |      0 |      0 |     38 |   1 |   70.0 |
       Dungeon |     70 |     70 |      0 |      0 |     38 |   1 |   70.0 |
               +--------+--------+--------+--------+--------+-----+--------+

Top non-repeatable levels by time:
     D:1: 70 daAuts
